 Dungeon Crawl Stone Soup version 0.20.0-10-g0535bb4 (webtiles) character file.

3004 nikopol the Cleaver (level 9, -7/81 HPs)
             Began as a Minotaur Berserker on June 5, 2017.
             Was a High Priest of Trog.
             Mangled by a troll (12 damage)
             ... on level 9 of the Dungeon.
             The game lasted 00:13:46 (5847 turns).

nikopol the Cleaver (Minotaur Berserker)            Turns: 5847, Time: 00:13:46

Health: -7/81      AC:  7    Str: 22    XL:     9   Next: 54%
Magic:  8/8        EV: 13    Int:  4    God:    Trog [*****.]
Gold:   454        SH:  0    Dex: 13    Spells: 8/8 levels left

rFire    . . .     SeeInvis .   a - +0 war axe
rCold    . . .     Gourm    .   (no shield)
rNeg     . . .     Faith    .   h - +0 ring mail
rPois    .         Spirit   .   (helmet restricted)
rElec    .         Reflect  .   B - +0 cloak
rCorr    .         Harm     .   (no gloves)
MR       .....                  (no boots)
Stlth    +.........             (no amulet)
Regen    0.3/turn               (no ring)
MPRegen  0.2/turn               (no ring)

@: berserk cooldown, slowed, very slow
A: retaliatory headbutt, horns 2
a: Berserk, Trog's Hand, Brothers in Arms, Burn Spellbooks, Renounce Religion


You were on level 9 of the Dungeon.
You worshipped Trog.
Trog was extremely pleased with you.
You were very hungry.

You visited 1 branch of the dungeon, and saw 7 of its levels.
You also visited: Sewer.

You collected 454 gold pieces.

Inventory:

Hand Weapons
 a - a +0 war axe (weapon)
 z - a +0 shortbow
 H - a +0 hand axe
Missiles
 C - 114 arrows (quivered)
Armour
 b - a +0 animal skin
 h - a +0 ring mail (worn)
 n - a +0 scale mail
 B - a +0 cloak (worn)
 D - a +2 ring mail of fire resistance
 E - a cursed -2 ring mail
 I - a +2 pair of gloves
Jewellery
 f - an uncursed ring of see invisible {unknown}
 v - a cursed amulet of inaccuracy {unknown}
 x - an uncursed ring of see invisible {unknown}
Scrolls
 e - a scroll of enchant weapon {unknown}
 j - a scroll of fear {unknown}
 k - 2 scrolls of remove curse
 m - 3 scrolls of amnesia
 t - a scroll of fog {unknown}
 u - 7 scrolls of identify {unknown}
 y - a scroll of recharging {unknown}
 G - a scroll of magic mapping
 J - 2 scrolls of teleportation {unknown}
Potions
 g - a potion of agility {unknown}
 i - 5 potions of flight {unknown}
 l - a potion of degeneration {unknown}
 o - 2 potions of lignification {unknown}
 p - 6 potions of heal wounds
 q - 4 potions of brilliance {unknown}
 r - a potion of might {unknown}
 s - 2 potions of curing {unknown}
 A - a potion of mutation {unknown}
 F - 3 potions of haste {unknown}
Comestibles
 c - 5 bread rations
 d - 3 royal jellies
 w - 3 fruits
 K - 2 meat rations


   Skills:
 + Level 8.1 Fighting
 + Level 9.4 Axes
 + Level 6.4 Bows
 + Level 6.5 Armour
 + Level 5.2 Dodging
 + Level 2.0 Stealth


You had 8 spell levels left.
You didn't know any spells.

Dungeon Overview and Level Annotations

Branches:
Dungeon (6/15)             Temple (0/1) D:4

Altars:
Cheibriados
Gozag
Hepliaklqana
Nemelex Xobeh
Vehumet


Innate Abilities, Weirdness & Mutations

You reflexively headbutt those who attack you in melee.
You have a pair of horns on your head.


Message History

You hit the orc.
You are no longer berserk.
You are exhausted.
You feel yourself slow down. The yak misses you. You furiously retaliate!
You headbutt the yak. The orc completely misses you. You furiously retaliate!
You headbutt the orc!
You kill the orc!
Trog accepts your kill. The troll bites you but does no damage.
The troll barely misses you. x2
The yak gores you but does no damage.
Things that are here:
a club; an orc corpse; a yak corpse You are feeling very hungry.
The troll bites you but does no damage. The troll barely misses you.
The troll claws you.
* * * LOW HITPOINT WARNING * * *
As you read the scroll labeled OSUOCHY POFAPPI, it crumbles to dust.
You feel as if something is helping you.
It was a scroll of remove curse.
The troll bites you!
You die...

Y..o(....# .. oo.....o.#
.#.......#
#.#.#####.#.......#
#.........#.......#
#.....#..(###..#.......#
##/.#.##..(##...........
## #..##..().##......#
..........)##....#
##..###...)YT@.# #
##........)##.#
#...#..........
###...........##
###........##
#.......... #........?..
....######..


You could see a yak and a troll.

Vanquished Creatures
  A two-headed ogre (D:9)
  The ghost of ThereIsNoGod the Cudgeler, a novice GrFi of Cheibriados (D:5)
  4 yaks (D:9)
  An orc warrior (D:6)
  The ghost of PeterLawrence the Skirmisher, an amateur MiFi (D:4)
  2 ogres (D:4)
  A centaur (D:5)
  2 big kobolds (Sewer)
  A bullfrog (D:6)
  A scorpion (D:4)
  3 crimson imps
  A quasit (D:6)
  A hound (D:4)
  3 jellies
  5 orc wizards
  Terence (D:2)
  2 worker ants
  A hound zombie (D:5)
  9 gnolls
  6 adders
  8 river rats (Sewer)
  A shadow imp (D:5)
  An ooze (D:3)
  4 adder skeletons
  2 worms
  5 dart slugs
  5 leopard geckos
  22 orcs
  4 giant cockroaches
  5 goblins
  7 hobgoblins
  11 jackals
  4 quokkas
  5 ball pythons
  5 bats
  7 frilled lizards
  21 kobolds
  A leopard gecko skeleton (D:4)
  31 rats
196 creatures vanquished.

Notes
Turn   | Place    | Note
-------+----------+-------------------------------------------
     0 | D:1      | nikopol the Minotaur Berserker began the quest for the Orb.
     0 | D:1      | Reached XP level 1. HP: 19/19 MP: 0/0
   194 | D:1      | Reached XP level 2. HP: 18/27 MP: 1/1
   307 | D:1      | Reached skill level 4 in Axes
  1094 | D:2      | Noticed Terence
  1101 | D:2      | Killed Terence
  1101 | D:2      | Reached XP level 3. HP: 34/34 MP: 2/2
  1134 | D:2      | Reached XP level 4. HP: 21/41 MP: 3/3
  1363 | D:2      | Reached ** piety under Trog
  1998 | D:3      | Reached skill level 5 in Axes
  1998 | D:3      | Reached XP level 5. HP: 34/47 MP: 4/4
  2003 | D:3      | Reached skill level 5 in Fighting
  2104 | D:3      | Found a glowing drain.
  2108 | Sewer    | Entered a sewer
  2255 | Sewer    | Reached skill level 1 in Stealth
  2255 | Sewer    | Reached XP level 6. HP: 29/56 MP: 5/5
  2263 | Sewer    | Reached *** piety under Trog
  2828 | Sewer    | Reached skill level 6 in Axes
  3401 | D:3      | Found a sparkling altar of Nemelex Xobeh.
  3456 | D:3      | Found an opulent altar of Gozag.
  3459 | D:3      | Found a hazy altar of Hepliaklqana.
  3460 | D:3      | Found a radiant altar of Vehumet.
  3663 | D:4      | Noticed PeterLawrence's ghost (amateur MiFi)
  3674 | D:4      | Killed PeterLawrence's ghost
  3674 | D:4      | Reached XP level 7. HP: 61/61 MP: 6/6
  3710 | D:4      | Reached **** piety under Trog
  4037 | D:4      | Reached skill level 5 in Armour
  4125 | D:4      | Reached skill level 7 in Axes
  4311 | D:4      | Found a staircase to the Ecumenical Temple.
  4492 | D:5      | Entered Level 5 of the Dungeon
  4588 | D:5      | Reached XP level 8. HP: 49/70 MP: 7/7
  4650 | D:5      | Reached skill level 8 in Axes
  4719 | D:5      | Noticed ThereIsNoGod's ghost (novice GrFi)
  4751 | D:5      | Killed ThereIsNoGod's ghost
  4751 | D:5      | Reached skill level 1 in Bows
  4865 | D:5      | Found a snail-covered altar of Cheibriados.
  5513 | D:6      | Reached ***** piety under Trog
  5800 | D:6      | You fall through a shaft for 3 floors!
  5808 | D:9      | Noticed a two-headed ogre
  5826 | D:9      | Reached skill level 5 in Dodging
  5834 | D:9      | Killed a two-headed ogre
  5834 | D:9      | Reached skill level 9 in Axes
  5834 | D:9      | Reached skill level 5 in Bows
  5834 | D:9      | Reached XP level 9. HP: 12/81 MP: 8/8
  5835 | D:9      | Noticed a troll
  5846 | D:9      | HP: 4/81 [troll (3)]
  5847 | D:9      | Mangled by a troll

Skill      XL: |  1  2  3  4  5  6  7  8  9 |
---------------+----------------------------+-----
Fighting       | 4 5 6 7 8 |  8.1
Axes           | 4 5 6 7 9 |  9.4
Armour         | 3 4 5 6 |  6.5
Dodging        | 3 4 5 |  5.2
Stealth        | 1 2 |  2.0
Bows           | 5 6 |  6.4

Action                   |  1- 3 |  4- 6 |  7- 9 || total
-------------------------+-------+-------+-------++-------
Melee: Hand axe          |    46 |   178 |   114 ||   338
       Headbutt          |     6 |    38 |    33 ||    77
       War axe           |       |       |    39 ||    39
 Fire: Shortbow          |       |       |    74 ||    74
Invok: Berserk           |     1 |     1 |     2 ||     4
  Use: Scroll            |       |     2 |     2 ||     4
 Stab: Sleeping          |     1 |       |       ||     1
  Eat: Chunk             |     2 |     8 |     9 ||    19
Armor: Animal skin       |     4 |       |       ||     4
       Ring mail         |    15 |    54 |    50 ||   119
Dodge: Dodged            |    32 |   114 |   110 ||   256
